 Dungeon Crawl Stone Soup version 0.26.1-2-gb8aa6d0cf2 (webtiles) character file.

Game seed: 12156623858239682337

30 funkygono the Firebug (level 3, -8/24 HPs)
             Began as a Demonspawn Fire Elementalist on Feb 17, 2021.
             Mangled by an orc priest
             ... wielding a +0 hand axe
              (9 damage)
             ... on level 2 of the Dungeon.
             The game lasted 00:02:33 (1333 turns).

funkygono the Firebug (DsFE)                        Turns: 1333, Time: 00:02:33

Health: -8/24      AC:  5    Str:  8    XL:     3   Next: 5%
Magic:  1/6        EV: 12    Int: 20    God:
Gold:   39         SH:  0    Dex: 13    Spells: 5/6 levels left

rFire    . . .     SeeInvis .   e - +1 club
rCold    . . .     Faith    .   (no shield)
rNeg     . . .     Spirit   .   a - +0 robe
rPois    .         Reflect  .   c - +2 helmet {Int+3}
rElec    .         Harm     .   (no cloak)
rCorr    .         Rampage  .   (no gloves)
Will     .....                  (no boots)
Stlth    ++........             (no amulet)
HPRegen  0.08/turn              (no ring)
MPRegen  0.10/turn              (no ring)

@: no status effects
A: foul stench 1, miasma immunity
a: no special abilities


You were on level 2 of the Dungeon.
You visited 1 branch of the dungeon, and saw 2 of its levels.

You collected 39 gold pieces.

Inventory:

Hand Weapons
 e - a +1 club (weapon)
Armour
 a - a +0 robe (worn)
 c - a +2 helmet of intelligence (worn)
Scrolls
 b - a scroll of identify {unknown}
 d - a scroll of teleportation
Potions
 h - a potion of resistance {unknown}


   Skills:
 + Level 0.2 Fighting
 + Level 2.0 Dodging
 + Level 1.9 Stealth
 + Level 2.3 Spellcasting
 + Level 1.3 Conjurations
 + Level 3.2 Fire Magic


You had 5 spell levels left.
You knew the following spells:

 Your Spells              Type           Power        Failure   Level
a - Foxfire               Conj/Fire      44%          6%          1

Your spell library contained the following spells:

 Spells                   Type           Power        Failure   Level
 Conjure Flame            Conj/Fire      11%          19%         3
 Inner Flame              Hex/Fire       8%           24%         3
 Sticky Flame             Conj/Fire      11%          52%         4
 Fireball                 Conj/Fire      5%           86%         5


Dungeon Overview and Level Annotations

Branches:
Dungeon (2/15)

Altars:


Innate Abilities, Weirdness & Mutations

You may emit foul miasma when damaged in melee.
You are immune to miasma.


Message History

The orc priest hits you with a +0 hand axe.
* * * LOW HITPOINT WARNING * * *
You barely miss the orc.
The orc is heavily wounded.
The orc barely misses you.
The orc priest hits you with a +0 hand axe.
* * * LOW HITPOINT WARNING * * *
The orc barely misses you.
Casting: Foxfire (safe; 6% risk of failure)
Confirm with . or Enter, or press ? or * to list all spells.
You conjure some foxfire!
The orc priest hits you but does no damage.
The orc priest hits your foxfire with a +0 hand axe.
The orc hits you but does no damage.
You hit the orc priest but do no damage.
The orc priest is heavily wounded.
The foxfire hits the orc priest.
The orc priest is severely wounded.
The orc priest hits you with a +0 hand axe!
You die...

### .?# #.# #. #.#
#.###########.##
.......@o.)....##
###.###o###.#.#.##.#
#...#.###...)....#
##..
###......##.#.#.####
....
.........###...##
#..#
#.#........####.##
#.^#
#.#.............#
#.<#
#.##....)..####.#
#..#
#.##........###.#


You could see an orc priest (sick) and an orc.

Vanquished Creatures
  A dart slug (D:2)
  2 orcs (D:2)
  A giant cockroach (D:2)
  3 goblins
  5 hobgoblins (D:1)
  3 kobolds (D:1)
  3 bats
  4 frilled lizards (D:1)
  4 rats (D:1)
26 creatures vanquished.

Vanquished Creatures (collateral kills)
  A foxfire (D:1)
1 creature vanquished.

Vanquished Creatures (others)
  67 foxfires
67 creatures vanquished.

Grand Total: 94 creatures vanquished

Notes
Turn   | Place    | Note
-------+----------+-------------------------------------------
     0 | D:1      | funkygono the Demonspawn Fire Elementalist began the quest
                  | for the Orb.
     0 | D:1      | Reached XP level 1. HP: 13/13 MP: 3/3
   456 | D:1      | Reached skill level 3 in Fire Magic
   456 | D:1      | Gained mutation: You are immune to miasma. [demonic
                  | ancestry]
   456 | D:1      | Reached XP level 2. HP: 19/19 MP: 0/5
  1313 | D:2      | Gained mutation: You may emit foul miasma when damaged in
                  | melee. [demonic ancestry]
  1313 | D:2      | Reached XP level 3. HP: 21/24 MP: 0/6
  1331 | D:2      | HP: 1/24 [orc priest/+0 hand axe (5)]
  1333 | D:2      | Mangled by an orc priest

Illustrated notes

Levels and vault maps discovered:
D:1:      dpeg_arrival_more_subterranean_lakeside_camping, layout_loops_ring,
          serial_bayou_pond_d
D:2:      layout_loops_ring, pdpol_wu_jian_five_deadly_venoms,
          nicolae_overflow_hidden_temple, chequers_avenue

Skill      XL: |  1 |
---------------+----+-----
Dodging        | 2 |  2.0
Fire Magic     | 3 |  3.2
Fighting       | |  0.2
Stealth        | |  1.9
Spellcasting   | |  2.3
Conjurations   | |  1.3

Action                   || total
-------------------------++-------
Melee: Unarmed           ||     3
       Club              ||    12
 Cast: Foxfire           ||    44
  Use: Scroll            ||     5
Armor: Robe              ||     9
Dodge: Dodged            ||    22
